Unix NetHack Version 5.0.0-0 post-release - last build Jun 10 2026 00:39:30 (3ee93aec679c4c4259841fe613dc97188e26a321,branch:main).

Game began 2026-06-26 16:58:50, ended 2026-06-26 17:24:51.

Ch3Begorrah, chaotic male human Rogue

  -----------       -----                         ----------
  |.........|       |...|      ------------       |.........#
  |.........|       |..(.#     |..........|       |......`{|#
  |.......<.|    ###->..|#     |..........|      #...S.....u#S@S
  |.........|   ##  |...|#     |..........-#######----------#
  |.........|  ##   -----#     ---|--------
  |.........|  #         ##       #
  ---|-------  #          #       #
     ######    #          ##      ######
          ##   #           #           ##
           ##  #           ##-----------.---
            #  #            #|.............|
            #  #            #|.............|
            ## #            #|.......[.....|
      -------|-#            #-.............|
      |.......|#             |..(..........|
      |.....(%|#             -.-------------
      |.......%#
      ---------

Ch3Begorrah the Cutpurse  St:17 Dx:18 Co:13 In:10 Wi:9 Ch:10  Chaotic
Dlvl:3  $:11 HP:0(31) Pw:11(11) AC:3  Xp:4 T:1479  Conf

Latest messages:
 Noname misses the water moccasin.
 Noname misses the water moccasin.
 The water moccasin bites!
 You hear some noises.
 The water moccasin bites!
 It misses the water moccasin.
 It bites the water moccasin.
 The water moccasin misses it.
 The water moccasin bites!
 What do you want to write with? [- bi-kwyzACMR or ?*] -
 You write in the dust with your fingertip.
 What do you want to write in the dust here? Elbereth
 The water moccasin bites!
 Something is written here in the dust.
 You read: "EXbe}eth".
 You see no objects here.
 What do you want to read? [OP or ?*] P
 As you read the scroll, it disappears.
 Being confused, you mispronounce the magic words...
 You hear sad wailing close by.
 Call a scroll labeled ASHPD SODALG: Sad Wailing
 The water moccasin bites!
 The water moccasin bites!
 Noname hits the water moccasin.
 Noname misses the water moccasin.
 The water moccasin bites noname.
 The water moccasin bites!
 What do you want to use or apply? [e-hrG or ?*] h
 You produce a high whistling sound.
 The water moccasin bites!
 The water moccasin bites!
 Noname misses it.
 Noname bites it.
 It bites noname.
 What do you want to read? [O or ?*] O
 As you read the scroll, it disappears.
 Being confused, you mispronounce the magic words...
 Your long sword is covered by a shimmering golden shield!
 Call a scroll labeled READ ME: 
 The water moccasin bites!
 The water moccasin bites!
 What do you want to write with? [- bi-kwyzACMR or ?*] -
 Do you want to add to the current engraving? [ynq] (y) n
 You wipe out the message that was written in the dust here.
 You write in the dust with your fingertip.
 What do you want to write in the dust here? Elbereth
 The water moccasin bites!
 You die...
 Do you want your possessions identified? [ynq] (y) y
 Do you want to see your attributes? [ynq] (y) q

Inventory:
 Coins    ('$')
  $ - 11 gold pieces
 Weapons  (')')
  b - a +0 dagger
  k - 14 +0 daggers (at the ready)
  C - a cursed rustproof +1 long sword (weapon in left hand)
 Armor    ('[')
  D - a cursed +0 pair of leather gloves (being worn)
  v - an uncursed +0 pair of iron shoes (being worn)
  I - an uncursed +0 cloak of displacement (being worn)
  c - a blessed +1 leather armor (being worn)
 Comestibles  ('%')
  m - an uncursed slime mold
  E - 10 cursed apples
  F - 11 uncursed carrots
  N - an uncursed food ration
 Potions  ('!')
  d - an uncursed potion of sickness
 Rings    ('=')
  M - a cursed ring of polymorph named cursed
 Tools    ('(')
  G - an empty cursed bag of holding
  f - an empty uncursed sack
  g - an uncursed blindfold
  e - an uncursed lock pick
  r - an uncursed skeleton key
  h - an uncursed tin whistle
 Gems/Stones  ('*')
  w - an uncursed worthless piece of blue glass
  R - an uncursed worthless piece of green glass
  A - an uncursed worthless piece of orange glass
  z - an uncursed worthless piece of red glass
  i - 2 cursed worthless pieces of red glass
  y - 2 uncursed worthless pieces of violet glass
  j - 11 uncursed rocks

Ch3Begorrah the Rogue's attributes:

Background:
 You were a Cutpurse, a level 4 male human Rogue.
 You were chaotic, nominally on a mission for Kos
 who was opposed by Issek (lawful) and Mog (neutral).
 You were left-handed.
 You were in the Dungeons of Doom, on level 3.
 You entered the dungeon 1479 turns ago.
 You had 86 experience points, 74 more were needed to attain level 5.

Basics:
 You had 0 out of 31 hit points.
 You had all 11 energy points (spell power).
 Your armor class was 3.
 Your wallet contained 11 zorkmids.
 Autopickup was off.

Final Characteristics:
 Your strength was 17 (limit:18/100).
 Your dexterity was 18 (limit:18).
 Your constitution was 13 (limit:18).
 Your intelligence was 10 (limit:18).
 Your wisdom was 9 (limit:18).
 Your charisma was 10 (limit:18).

Final Status:
 You were confused.
 You weren't hungry.
 You were unencumbered.
 You were wielding a long sword.
 You were unskilled in long sword.

Final Attributes:
 You were devoutly aligned.
 You were displaced.
 You were stealthy.
 You were warded.
 You are dead.

Miscellaneous:
 You encountered 1 bones level.
 Total elapsed playing time was 26 minutes.

Major events:
 Turn
    1: Ch3Begorrah the chaotic male human Rogue entered the dungeon
  358: entered the Gnomish Mines
  617: attained the rank of Cutpurse (level 3)
 1479: killed by a water moccasin

You didn't know any spells.

Skills:
 Fighting Skills
   bare handed combat [Unskilled]
   two weapon combat  [Unskilled]
   riding             [Unskilled]
 Weapon Skills
   dagger             [Basic]
   knife              [Unskilled]
   short sword        [Basic]
   broadsword         [Unskilled]
   long sword         [Unskilled]
   two-handed sword   [Unskilled]
   saber              [Unskilled]
   club               [Unskilled]
   mace               [Unskilled]
   morning star       [Unskilled]
   flail              [Unskilled]
   hammer             [Unskilled]
   polearms           [Unskilled]
   spear              [Unskilled]
   crossbow           [Unskilled]
   dart               [Unskilled]
   shuriken           [Unskilled]
 Spellcasting Skills
   divination spells  [Unskilled]
   escape spells      [Unskilled]
   matter spells      [Unskilled]

Voluntary challenges:
 Character rerolling was not enabled.
 You followed a strict vegan diet.
 You were an atheist.
 You never genocided any monsters.
 You never polymorphed an object.
 You never changed form.
 You used no wishes.
Achievements:
 You entered the Gnomish Mines.
 You attained the rank of Cutpurse.
 You entered a shop.

 The Dungeons of Doom: levels 1 to 4
    Level 1:
       An altar, a fountain.
    Level 2:
       An armor shop.
       Stairs down to The Gnomish Mines.
    Level 3: <- You were here.
       A fountain.
       Final resting place for
          you, killed by a water moccasin.
    Level 4:
 The Gnomish Mines:
    Level 3:
       A grave.
       Final resting place for
          pots164-Kni-Hum-Fem-Law, slipped while mounting a saddled pony.


Vanquished creatures:
  a gnome leader
  a dwarf
  a wererat
 an acid blob
  a coyote
  a giant rat
  a cave spider
  3 brown molds
  6 gnomes
  2 gnome zombies
  a jackal
  a kobold
  a sewer rat
  2 grid bugs
  a lichen
  7 newts
31 creatures vanquished.

No species were genocided or became extinct.

Game over:
                       ----------
                      /          \
                     /    REST    \
                    /      IN      \
                   /     PEACE      \
                  /                  \
                  |   Ch3Begorrah    |
                  |      11 Au       |
                  |   killed by a    |
                  |  water moccasin  |
                  |                  |
                  |                  |
                  |       2026       |
                 *|     *  *  *      | *
        _________)/\\_//(\/(/\)/\//\/|_)_______

Goodbye Ch3Begorrah the Rogue...

You died in The Dungeons of Doom on dungeon level 3 with 564 points,
and 11 pieces of gold, after 1479 moves.
You were level 4 with a maximum of 31 hit points when you died.

